[Event "Titled Tuesday Blitz February 22 Late 2022"]
[White "Ladan, Nicholas"]
[Black "Leitao, Rafael"]
[WhiteFideId "30918855"]
[BlackFideId "2101246"]
[WhiteElo "2362"]
[BlackElo "2609"]
[Result "0-1"]
[Round "01"]
[TimeControl "180+1"]
[Date "2022.02.23"]
[WhiteClock "0:00:04"]
[BlackClock "0:00:48"]

1. d4 Nf6 2. c4 e6 3. g3 d5 4. Nf3 Bb4+ 5. Bd2 Be7 6. Bg2 O-O 7. O-O c6 8. Bf4 Nbd7 9. Qc2 b6 10. Nbd2 Bb7 11. e4 dxc4 12. Nxc4 c5 13. Rfe1 cxd4 14. Nd6 Bxd6 15. Bxd6 Rc8 16. Qd1 Re8 17. e5 Ne4 18. Qxd4 Nxd6 19. Qxd6 Qc7 20. Rad1 Qxd6 21. Rxd6 Rc7 22. Red1 Nc5 23. Nd4 Bxg2 24. Kxg2 Ne4 25. Nb5 Rc2 26. Rd8 Kf8 27. Kf3 Nxf2 28. R1d2 Rxd8 29. Rxd8+ Ke7 30. Ra8 Nd3 31. Rxa7+ Kd8 32. Nd6 Nxe5+ 33. Ke4 Re2+ 34. Kd4 Nc6+ 35. Kd3 Nxa7 36. Kxe2 Ke7 37. Nc4 b5 38. Ne3 Kd6 39. Kd3 Nc6 40. a3 Ke5 41. Kc3 f5 42. Ng2 g5 43. b3 f4 44. gxf4+ gxf4 45. a4 bxa4 46. bxa4 Ke4 47. Kc4 f3 48. Ne1 f2 49. Nf3 f1=Q+ 0-1


[Site "https://www.chess.com"]

[Event "Titled Tuesday Blitz February 22 Late 2022"]
[White "Lewtak, Damian"]
[Black "Carbone, Diego"]
[WhiteFideId "1141724"]
[BlackFideId "3002179"]
[WhiteElo "2361"]
[BlackElo "2199"]
[Result "1-0"]
[Round "01"]
[TimeControl "180+1"]
[Date "2022.02.23"]
[WhiteClock "0:01:50"]
[BlackClock "0:00:01"]

1. d4 Nf6 2. c3 d5 3. Bf4 c5 4. e3 Qb6 5. Qb3 c4 6. Qc2 g6 7. b3 Bf5 8. Qd1 cxb3 9. Qxb3 Nc6 10. Nf3 Bg7 11. c4 Qa5+ 12. Nbd2 Qa4 13. Qxa4 Bd7 14. Qb3 b6 15. Be2 Na5 16. Qb4 dxc4 17. Nxc4 Nd5 18. Qb2 Nc6 19. Nce5 1-0


[Site "https://www.chess.com"]

[Event "Titled Tuesday Blitz February 22 Late 2022"]
[White "Liang, Jason"]
[Black "Aukhatov, Roman"]
[WhiteFideId "30940303"]
[BlackFideId "44150768"]
[WhiteElo "1976"]
[BlackElo "2112"]
[Result "0-1"]
[Round "01"]
[TimeControl "180+1"]
[Date "2022.02.23"]
[WhiteClock "0:00:02"]
[BlackClock "0:00:27"]

1. c3 Nf6 2. d4 d5 3. Bf4 c5 4. e3 Qb6 5. Qb3 c4 6. Qc2 Nc6 7. Nd2 Bg4 8. e4 e6 9. Ngf3 Be7 10. Ne5 Bh5 11. f3 Nxe5 12. Bxe5 O-O 13. Be2 Rfc8 14. O-O Qd8 15. Rae1 b5 16. f4 Bxe2 17. Rxe2 Nxe4 18. Nxe4 dxe4 19. Qxe4 f6 20. f5 exf5 21. Qxf5 fxe5 22. Qxe5 Bf6 23. Qe6+ Kh8 24. Rf5 a6 25. Re4 Qe8 26. Qd5 Qg6 27. Re6 Rd8 28. Qe4 Re8 29. g4 Rad8 30. d5 Rxe6 31. dxe6 Re8 32. Kf2 h6 33. Kf3 Re7 34. Qa8+ Qe8 35. Qxa6 Rxe6 36. Qb7 Re3+ 37. Kf2 Re2+ 38. Kg3 Qe3+ 39. Rf3 Be5+ 40. Kh4 Rxh2+ 41. Rh3 Rxh3# 0-1


[Site "https://www.chess.com"]

[Event "Titled Tuesday Blitz February 22 Late 2022"]
[White "Lin, Dachey"]
[Black "Gatterer, Florian"]
[WhiteFideId "2029650"]
[BlackFideId "811688"]
[WhiteElo "2714"]
[BlackElo "2218"]
[Result "1-0"]
[Round "01"]
[TimeControl "180+1"]
[Date "2022.02.23"]
[WhiteClock "0:01:08"]
[BlackClock "0:00:02"]

1. g4 e5 2. d4 e4 3. c4 c6 4. Nc3 d5 5. g5 Be7 6. h4 Be6 7. Bg2 h6 8. f4 hxg5 9. hxg5 Rxh1 10. Bxh1 Nd7 11. e3 Qb6 12. Nge2 Bg4 13. cxd5 cxd5 14. Nxd5 Bxe2 15. Nxb6 Bxd1 16. Nxa8 Ba4 17. Bxe4 Kd8 18. Bxb7 Bd6 19. b3 Bb5 20. a4 Bd3 21. Ba3 Bxa3 22. Rxa3 Ne7 23. b4 Bf5 24. Rc3 f6 25. gxf6 Nxf6 26. Nc7 Ng4 27. Nb5 a6 28. Bxa6 Nh2 29. Nd6 Be6 30. Be2 Nd5 31. Ra3 g6 32. Kf2 Ng4+ 33. Bxg4 Bxg4 34. b5 Nf6 35. Nf7+ Ke7 36. Ne5 Be6 37. Nxg6+ Kd6 38. Ne5 Ne4+ 39. Ke1 Bd5 40. a5 Kc7 41. a6 Kb8 42. b6 Ka8 43. b7+ Ka7 44. Nd7 1-0


[Site "https://www.chess.com"]

[Event "Titled Tuesday Blitz February 22 Late 2022"]
[White "Liu, Leonardo"]
[Black "Khumalo, Keith"]
[WhiteFideId "30965780"]
[BlackFideId "14319470"]
[WhiteElo "2224"]
[BlackElo "1992"]
[Result "0-1"]
[Round "01"]
[TimeControl "180+1"]
[Date "2022.02.23"]
[WhiteClock "0:00:19"]
[BlackClock "0:00:24"]

1. e4 c5 2. Nf3 d6 3. g3 Nf6 4. d3 g6 5. Bg2 Bg7 6. O-O O-O 7. h3 Nc6 8. Be3 Rb8 9. Qd2 b5 10. Bh6 b4 11. Bxg7 Kxg7 12. a3 a5 13. axb4 axb4 14. Qd1 Ne8 15. Nbd2 Nc7 16. Ne1 Nb5 17. f4 Ncd4 18. Nef3 f5 19. Nxd4 Nxd4 20. Nf3 Nxf3+ 21. Qxf3 Bb7 22. Ra7 Qb6 23. Rfa1 c4+ 24. Kh2 cxd3 25. cxd3 fxe4 26. dxe4 Rfc8 27. Qb3 Ra8 28. Rxa8 Bxa8 29. Qe6 Qb7 30. Rxa8 Qxa8 31. Qxe7+ Kh8 32. Qf6+ Kg8 33. Qe6+ Kh8 34. Qf6+ Kg8 35. Qxd6 Qc6 36. Qxb4 Qc2 37. Qe7 h5 38. b4 Rc3 39. e5 Qf2 40. Qe6+ Kg7 41. Qf6+ Kh7 42. Qf7+ Kh6 43. Qf8+ Kh7 44. Qe7+ Kh6 45. Qg5+ Kh7 46. Qe7+ Kh6 47. Kh1 Qe1+ 48. Kh2 Qxg3+ 49. Kg1 Rc1# 0-1


[Site "https://www.chess.com"]

[Event "Titled Tuesday Blitz February 22 Late 2022"]
[White "Lodici, Lorenzo"]
[Black "Piesik, Piotr"]
[WhiteFideId "884189"]
[BlackFideId "1136194"]
[WhiteElo "2265"]
[BlackElo "2232"]
[Result "1-0"]
[Round "01"]
[TimeControl "180+1"]
[Date "2022.02.22"]
[WhiteClock "0:00:05"]
[BlackClock "0:00:03"]

1. c4 g6 2. Nc3 Bg7 3. e4 c5 4. h4 h6 5. h5 g5 6. d3 Nc6 7. g4 e6 8. Nge2 Nge7 9. f4 gxf4 10. Bxf4 a6 11. Qd2 d6 12. Bh3 Ne5 13. O-O-O N7c6 14. Rdf1 Nb4 15. Bxe5 Bxe5 16. d4 cxd4 17. Nxd4 Qg5 18. Qxg5 hxg5 19. Nf3 Bf4+ 20. Kb1 Bd7 21. a3 Nd3 22. Ne2 Be3 23. Kc2 Nc5 24. Nc3 Bc6 25. Re1 Bf4 26. b4 Na4 27. Nd5 exd5 28. exd5+ Kd7 29. dxc6+ bxc6 30. Nd4 c5 31. Nf5 cxb4 32. Re7+ Kd8 33. axb4 Rc8 34. Kb3 Nb6 35. Rxf7 Nxc4 36. Rd1 Nd2+ 37. Kb2 Be5+ 38. Ka3 Rc3+ 39. Ka4 Nc4 40. b5 Nb2+ 41. Ka5 Nxd1 42. b6 Kc8 43. Bf1 Ra3+ 44. Kb4 Ra1 45. Bd3 Nc3 46. Ne7+ Kd7 47. Ng6+ Ke6 48. Nxh8 Nd5+ 49. Kb3 Nxb6 50. Bf5+ Kd5 51. Ng6 Nc4 52. h6 Ra3+ 53. Kc2 Rh3 54. h7 Ne3+ 55. Kd2 Bd4 56. Bd3 Rh2+ 57. Kc1 Bc3 58. Rf3 Rh1+ 59. Bf1 Nxf1 60. Kc2 Rxh7 61. Kxc3 Rc7+ 62. Kd3 Nh2 63. Rf5+ Ke6 64. Nf8+ Ke7 65. Ng6+ Ke6 66. Nf8+ Ke7 67. Nh7 Kd7 68. Rxg5 Rc5 69. Rg7+ Ke6 70. Ke4 Rc4+ 71. Kd3 Rxg4 72. Ra7 Ra4 73. Nf8+ Kd5 74. Nd7 Ra3+ 75. Kc2 Nf3 76. Nf6+ Kd4 77. Rd7 Kc5 78. Ne4+ Kb4 79. Rxd6 a5 80. Rb6+ Kc4 81. Nd6+ Kc5 82. Nc8 Nd4+ 83. Kb2 Rh3 84. Rb8 Rh2+ 85. Kb1 Kc4 86. Nb6+ Kd3 87. Na4 Kc4 88. Nb2+ Kc3 89. Nd1+ Kc4 90. Ne3+ Kd3 91. Nd5 Rh1+ 92. Ka2 Nc6 93. Rb6 Nd4 94. Rb7 Kc4 95. Nb6+ Kc3 96. Na4+ Kd2 97. Rb2+ Kd3 98. Nc5+ Kc4 99. Na4 Nb5 100. Nb6+ Kc5 101. Nd7+ Kc4 102. Ne5+ Kc5 103. Nd3+ Kc4 104. Ne5+ Kc5 105. Rc2+ Kb4 106. Nc6+ Ka4 107. Rc4# 1-0


[Site "https://www.chess.com"]

[Event "Titled Tuesday Blitz February 22 Late 2022"]
[White "Lopez Del Alamo, Antonio"]
[Black "Vovk, Orest"]
[WhiteFideId "2227339"]
[BlackFideId "14113490"]
[WhiteElo "2082"]
[BlackElo "2203"]
[Result "0-1"]
[Round "01"]
[TimeControl "180+1"]
[Date "2022.02.23"]
[WhiteClock "0:00:10"]
[BlackClock "0:01:20"]

1. e4 Nf6 2. e5 Nd5 3. d4 d6 4. c4 Nb6 5. exd6 exd6 6. Nc3 Be7 7. Nf3 O-O 8. Be2 Bg4 9. b3 Bf6 10. O-O Nc6 11. Be3 Re8 12. Qd2 Qd7 13. Rac1 Ne7 14. Ne4 Qf5 15. Nxf6+ Qxf6 16. d5 Nf5 17. Bf4 Rxe2 18. Qxe2 Nd4 19. Nxd4 Bxe2 20. Nxe2 Re8 21. Be3 h6 22. Nd4 Nd7 23. h3 a6 24. b4 Re4 25. Rfd1 Ne5 26. c5 Kh7 27. a4 Ng6 28. a5 Nf4 29. Bxf4 Qxf4 30. c6 Rxd4 31. Rxd4 Qxd4 32. cxb7 Qxb4 33. Rxc7 Kg6 34. Rd7 Kf6 0-1


[Site "https://www.chess.com"]

[Event "Titled Tuesday Blitz February 22 Late 2022"]
[White "Lopez Perdomo, Juan David"]
[Black "Barp, Alberto"]
[WhiteFideId "4405137"]
[BlackFideId "872555"]
[WhiteElo "1997"]
[BlackElo "2229"]
[Result "0-1"]
[Round "01"]
[TimeControl "180+1"]
[Date "2022.02.23"]
[WhiteClock "0:00:14"]
[BlackClock "0:00:27"]

1. e4 c6 2. d4 d5 3. Nc3 dxe4 4. Nxe4 Bf5 5. Ng3 Bg6 6. Nf3 Nd7 7. Bd3 Ngf6 8. O-O e6 9. Bg5 Qc7 10. Re1 Bd6 11. Qe2 O-O-O 12. b4 Bxb4 13. Reb1 Bc3 14. Ba6 Nb6 15. a4 Bxa1 16. a5 bxa6 17. axb6 axb6 18. Rxa1 b5 19. Rxa6 Kb7 20. Ra1 Ra8 21. Rf1 Ra4 22. c3 Nd5 23. Ne5 f6 24. Nd3 Bxd3 25. Qxd3 fxg5 26. Ne4 Rc4 27. Rb1 Kc8 28. Nxg5 Qe7 29. Qg3 Rxc3 30. Nf3 Kb7 31. Qe5 Re8 32. h3 Qc7 33. Qg5 h6 34. Qg6 Rxf3 35. Qxe8 Qf7 36. Qd8 Rf6 37. Ra1 Nb6 38. d5 exd5 39. Re1 Re6 40. Rf1 Qe7 41. Qh8 Re1 42. Qh7 Rxf1+ 43. Kxf1 Nc4 44. Qc2 Qc5 45. Kg1 Kb6 46. Qc3 d4 47. Qd3 Qd5 48. Qg6 Ne5 49. Qxg7 d3 50. Qxh6 d2 51. Qe3+ Kb7 52. Qh6 d1=Q+ 53. Kh2 Qd6 54. Qg7+ Kb6 55. f4 Nf3+ 56. gxf3 Q6d2+ 57. Qg2 Qxg2+ 58. Kxg2 Qd2+ 59. Kg3 Qd6 60. Kg4 Qf8 61. f5 b4 62. Kf4 b3 63. h4 b2 64. h5 b1=Q 65. h6 Qc1+ 66. Kg3 Qcxh6 67. f4 Qxf5 68. Kf3 Qhh3+ 69. Ke2 Qfd3+ 70. Ke1 Qhf3 71. f5 Qfe2# 0-1


[Site "https://www.chess.com"]

[Event "Titled Tuesday Blitz February 22 Late 2022"]
[White "Mahajan, Rushaan"]
[Black "Oparin, Grigoriy"]
[WhiteFideId "30934222"]
[BlackFideId "24125890"]
[WhiteElo "1897"]
[BlackElo "2685"]
[Result "0-1"]
[Round "01"]
[TimeControl "180+1"]
[Date "2022.02.22"]
[WhiteClock "0:00:30"]
[BlackClock "0:01:38"]

1. Nf3 Nf6 2. g3 d5 3. Bg2 c5 4. O-O Nc6 5. d4 e6 6. c4 dxc4 7. Qa4 Bd7 8. Qxc4 b5 9. Qc3 Nd5 10. Qd2 cxd4 11. Nxd4 Bb4 12. Nxc6 Bxc6 13. Bxd5 Qxd5 14. Qxd5 Bxd5 15. Bd2 Be7 16. Nc3 Bc6 17. Rac1 b4 18. Nb1 Bb5 19. Be3 Bxe2 20. Rfe1 Bf3 21. Nd2 Bd5 22. Rc7 Bd6 23. Rxa7 Rxa7 24. Bxa7 O-O 25. Bd4 Ra8 26. Rc1 f6 27. Nc4 Bf8 28. Nb6 Rxa2 29. Nxd5 exd5 30. Rc8 Kf7 31. Rd8 Ra1+ 32. Kg2 Rd1 33. Rxd5 Ke6 34. Rd8 Be7 0-1


[Site "https://www.chess.com"]

[Event "Titled Tuesday Blitz February 22 Late 2022"]
[White "Maltsevskaya, Aleksandra"]
[Black "Chyngyz, Sultai"]
[WhiteFideId "24174041"]
[BlackFideId "13803158"]
[WhiteElo "2283"]
[BlackElo "1339"]
[Result "0-1"]
[Round "01"]
[TimeControl "180+1"]
[Date "2022.02.23"]
[WhiteClock "0:00:13"]
[BlackClock "0:00:29"]

1. e4 c5 2. Nf3 d6 3. d4 cxd4 4. Nxd4 Nf6 5. Nc3 a6 6. Bg5 e6 7. Qd2 Be7 8. O-O-O O-O 9. h4 b5 10. f3 b4 11. Nce2 a5 12. h5 Nxe4 13. Bxe7 Nxd2 14. Bxd8 Nxf1 15. Be7 Ne3 16. Bxf8 Nxd1 17. Bxd6 Ne3 18. g4 Ba6 19. h6 g6 20. Ng3 Nd7 21. Re1 Nc4 22. Be7 Rc8 23. Kb1 e5 24. Nb3 a4 25. Nc1 Nd2+ 26. Ka1 Nxf3 27. Rd1 Nd4 28. Bxb4 Nxc2+ 29. Kb1 Nf6 30. Be7 Nxg4 31. Ne4 Nxh6 32. Rh1 Bb7 33. Nf6+ Kg7 34. Rh2 Nd4 35. a3 Nf3 36. Rh3 Nd2+ 37. Ka2 Ba6 38. Nd3 Bc4+ 39. Ka1 Nb3+ 40. Ka2 Bxd3 41. Rxd3 Nc1+ 42. Kb1 Nxd3 0-1


[Site "https://www.chess.com"]

[Event "Titled Tuesday Blitz February 22 Late 2022"]
[White "Martin Barcelo, Carles"]
[Black "Ibarra Jerez, Jose Carlos"]
[WhiteFideId "24561444"]
[BlackFideId "2226332"]
[WhiteElo "1875"]
[BlackElo "2626"]
[Result "0-1"]
[Round "01"]
[TimeControl "180+1"]
[Date "2022.02.23"]
[WhiteClock "0:00:07"]
[BlackClock "0:00:13"]

1. e4 c5 2. Nf3 e6 3. g3 Nc6 4. Bg2 Nf6 5. Qe2 e5 6. O-O Be7 7. Nc3 O-O 8. Nd5 d6 9. c3 Nxd5 10. exd5 Nb8 11. d4 cxd4 12. cxd4 exd4 13. Nxd4 Bf6 14. Be3 Re8 15. Qd2 Nd7 16. Rac1 a6 17. Nc6 bxc6 18. dxc6 Nc5 19. c7 Qxc7 20. Bxa8 Qb8 21. Bc6 Rd8 22. Rfd1 Bg4 23. f3 Be6 24. b3 Be7 25. Bd5 Bf5 26. Qd4 Bf6 27. Qf4 Bg6 28. Bxc5 Be5 29. Qc4 dxc5 30. f4 Bd4+ 31. Kg2 h5 32. Re1 h4 33. Re7 Qd6 34. Bxf7+ Kh8 35. Ree1 Qc6+ 36. Kh3 Bf5+ 37. g4 Qf3+ 38. Kxh4 Qxg4# 0-1


[Site "https://www.chess.com"]

[Event "Titled Tuesday Blitz February 22 Late 2022"]
[White "Matinian, Nikita"]
[Black "Mikheev, Stanislav"]
[WhiteFideId "24129100"]
[BlackFideId "4135920"]
[WhiteElo "2422"]
[BlackElo "2249"]
[Result "1/2-1/2"]
[Round "01"]
[TimeControl "180+1"]
[Date "2022.02.23"]
[WhiteClock "0:01:45"]
[BlackClock "0:00:29"]

1. e4 e6 2. d4 d5 3. Nc3 Bb4 4. Ne2 dxe4 5. a3 Be7 6. Nxe4 Nf6 7. Nxf6+ Bxf6 8. Be3 O-O 9. Nf4 c5 10. Nh5 Bxd4 11. Bxd4 Qxd4 12. Qxd4 cxd4 13. O-O-O Nc6 14. Bb5 e5 15. f3 Bf5 16. Rhe1 f6 17. g4 Bg6 18. Ng3 Rac8 19. Nf5 Bxf5 20. gxf5 Ne7 21. Bd7 Rc5 22. f4 Rd8 23. Be6+ Kf8 24. c3 Nc6 25. c4 a5 26. fxe5 Nxe5 27. b3 b5 28. b4 axb4 29. axb4 Rc7 30. c5 Nc6 31. Re4 Nxb4 32. Rexd4 Rxc5+ 33. Kb2 Rxd4 34. Rxd4 Nc6 35. Rd7 Ne5 36. Rb7 Nc4+ 37. Kb1 Nd6 38. Rb8+ Ke7 39. Bg8 Nxf5 40. Bxh7 Nd4 41. Rb7+ Kf8 42. Rd7 Rc4 43. Bg6 b4 44. Rf7+ Kg8 45. Rd7 Kf8 46. Rf7+ Kg8 47. Rd7 Kf8 1/2-1/2


[Site "https://www.chess.com"]

[Event "Titled Tuesday Blitz February 22 Late 2022"]
[White "Medeiros Jr, Francisco De Assis"]
[Black "Goryachkina, Aleksandra"]
[WhiteFideId "2114267"]
[BlackFideId "4147103"]
[WhiteElo "1998"]
[BlackElo "2426"]
[Result "0-1"]
[Round "01"]
[TimeControl "180+1"]
[Date "2022.02.23"]
[WhiteClock "0:00:19"]
[BlackClock "0:00:11"]

1. d4 Nf6 2. Nf3 d5 3. Bg5 Ne4 4. Bf4 c5 5. c3 Nc6 6. e3 Qb6 7. Qb3 c4 8. Qxb6 axb6 9. Nbd2 Bf5 10. a3 e6 11. Nxe4 Bxe4 12. Nd2 Bg6 13. Be2 Be7 14. Bf3 O-O 15. O-O Bd3 16. Rfe1 f5 17. Bc7 b5 18. Be2 Bxe2 19. Rxe2 b4 20. cxb4 Nxb4 21. Nf3 Rfc8 22. Bg3 Nd3 23. Rd1 b5 24. Ne5 Nxe5 25. Bxe5 b4 26. axb4 Bxb4 27. f3 Ra2 28. Kf2 Bf8 29. e4 fxe4 30. fxe4 dxe4 31. d5 Rc5 32. Rxe4 exd5 33. Rf4 Rb5 34. Bd4 Bc5 35. Kf3 Bxd4 36. Rfxd4 Rbxb2 37. Rxd5 h6 38. Rd8+ Kh7 39. Rc8 Rf2+ 40. Ke3 Rae2+ 41. Kd4 Rxg2 42. Kxc4 Rc2+ 43. Kb3 Rxc8 0-1


[Site "https://www.chess.com"]

[Event "Titled Tuesday Blitz February 22 Late 2022"]
[White "Mekhitarian, Krikor Sevag"]
[Black "Dounis, Alexandros"]
[WhiteFideId "2107660"]
[BlackFideId "4213238"]
[WhiteElo "2598"]
[BlackElo "2195"]
[Result "1-0"]
[Round "01"]
[TimeControl "180+1"]
[Date "2022.02.23"]
[WhiteClock "0:00:03"]
[BlackClock "0:00:03"]

1. e4 e5 2. Bc4 Nf6 3. d3 c6 4. Nf3 Be7 5. O-O d6 6. c3 O-O 7. Re1 Nbd7 8. Bb3 Qc7 9. Bc2 Re8 10. Nbd2 Nf8 11. Nf1 Ng6 12. Ng3 h6 13. d4 Be6 14. Nf5 Bf8 15. h3 Rad8 16. Be3 d5 17. exd5 Nxd5 18. Qc1 Nxe3 19. Nxe3 exd4 20. Nxd4 Ne5 21. Nxe6 Rxe6 22. Rd1 Bc5 23. Nf5 Rxd1+ 24. Qxd1 Qb6 25. Qe2 Ng6 26. Qf1 Qxb2 27. Qc1 Qxc3 28. Bb3 Qxc1+ 29. Rxc1 Rf6 30. Rxc5 b6 31. Nxh6+ gxh6 32. Rc1 Ne5 33. g3 Nd3 34. Rc2 c5 35. Bc4 Ne5 36. Be2 Rd6 37. f4 Nc6 38. Bc4 Rd4 39. Kf2 Nb4 40. Rc3 Nxa2 41. Rc2 Nb4 42. Rc3 Nd5 43. Rc2 a6 44. Be2 Nb4 45. Rc3 Nd5 46. Rc2 Nf6 47. Bxa6 Ne4+ 48. Kf3 Nd2+ 49. Ke2 Ne4 50. Kf3 f5 51. Be2 Kg7 52. Rc1 Kf6 53. g4 Nd2+ 54. Ke3 Nb3 55. Rb1 Rb4 56. Bd3 fxg4 57. hxg4 b5 58. Rg1 c4 59. g5+ hxg5 60. fxg5+ Kg7 61. Bc2 Nc5 62. Rh1 Ne6 63. Rh7+ Kg8 64. g6 Rb2 65. Bf5 Nf8 66. Rb7 b4 67. Kf4 c3 68. Kg5 Rf2 69. Rc7 b3 70. Rxc3 b2 71. Rb3 Kg7 72. Rb7+ Kg8 73. g7 Rxf5+ 74. Kxf5 Nh7 75. Kg6 Nf8+ 76. gxf8=Q+ Kxf8 77. Rxb2 1-0


[Site "https://www.chess.com"]

[Event "Titled Tuesday Blitz February 22 Late 2022"]
[White "Migot, Tangi"]
[Black "Andreikin, Dmitry"]
[WhiteFideId "662445"]
[BlackFideId "4158814"]
[WhiteElo "2528"]
[BlackElo "2736"]
[Result "0-1"]
[Round "01"]
[TimeControl "180+1"]
[Date "2022.02.22"]
[WhiteClock "0:00:04"]
[BlackClock "0:00:19"]

1. Nf3 Nf6 2. c3 d5 3. Qa4+ c6 4. d4 Bf5 5. Bf4 e6 6. Nbd2 Nbd7 7. e3 Nh5 8. Bg5 Qb6 9. Qb3 h6 10. Bh4 g5 11. Bg3 Nxg3 12. hxg3 Bg7 13. Be2 O-O-O 14. Qxb6 axb6 15. a4 Kc7 16. b4 Ra8 17. Bd1 Bd3 18. Nb3 Ra7 19. Kd2 Be4 20. Bc2 Nf6 21. a5 bxa5 22. Rxa5 Rxa5 23. bxa5 Bxc2 24. Kxc2 Ne4 25. Rf1 Ra8 26. Ne1 Nd6 27. Nd3 Nc4 28. Ra1 Bf8 29. Ra4 h5 30. Nb2 Nd6 31. f3 Nf5 32. Kd3 Nxg3 33. c4 h4 34. Nd1 f5 35. Nf2 Bd6 36. Ra1 dxc4+ 37. Kxc4 e5 38. Kd3 exd4 39. Nxd4 Be5 40. Ra4 Rd8 41. Nh3 g4 42. Ng5 Rd7 43. Ne6+ Kd6 44. f4 Bxd4 45. Nxd4 c5 46. Nc2 h3 47. gxh3 gxh3 48. Ra1 h2 0-1


[Site "https://www.chess.com"]

[Event "Titled Tuesday Blitz February 22 Late 2022"]
[White "Mirzoev, Azer"]
[Black "Mickiewicz, Piotr"]
[WhiteFideId "13400304"]
[BlackFideId "1114891"]
[WhiteElo "2525"]
[BlackElo "2266"]
[Result "1-0"]
[Round "01"]
[TimeControl "180+1"]
[Date "2022.02.23"]
[WhiteClock "0:00:07"]
[BlackClock "0:00:10"]

1. c4 g6 2. Nc3 Bg7 3. g3 d6 4. Bg2 Nf6 5. d4 O-O 6. Nf3 Nbd7 7. O-O e5 8. h3 c6 9. e4 a5 10. Re1 Re8 11. Kh2 exd4 12. Nxd4 Nc5 13. Bf4 Nh5 14. Be3 Nf6 15. f3 Nfd7 16. b3 Ne5 17. Qd2 a4 18. Rab1 axb3 19. axb3 Ned3 20. Red1 Nb4 21. Nde2 Ncd3 22. Nf4 Nxf4 23. Bxf4 Qf6 24. Na4 Na6 25. Qxd6 Be6 26. Qd2 Rad8 27. Qe3 h6 28. h4 Kh7 29. Nb6 Rxd1 30. Rxd1 Rd8 31. Rxd8 Qxd8 32. Na4 Bd4 33. Qd2 Bf6 34. Bxh6 Bxh4 35. Qxd8 Bxd8 36. Be3 b5 37. Nb2 bxc4 38. Nxc4 Be7 39. Bf1 Bc5 40. Bd2 Bb4 41. Bxb4 Nxb4 42. f4 c5 43. Kg1 f6 44. Na5 Kg7 45. Kf2 Kf7 46. Bc4 Ke7 47. Bxe6 Kxe6 48. Ke3 Nc2+ 49. Kd3 Ne1+ 50. Kc4 g5 51. fxg5 fxg5 52. Kxc5 Nf3 53. b4 Nd2 54. b5 Nxe4+ 55. Kc6 Nxg3 56. b6 Nf5 57. b7 Nd4+ 58. Kc7 Nb5+ 59. Kb6 Nc3 60. b8=Q Nd5+ 61. Ka7 Ne7 62. Qb6+ Kd7 63. Qb5+ Kd6 64. Nc4+ Kc7 65. Qb6+ Kd7 66. Ne5+ Ke8 67. Qb5+ Kf8 68. Nc6 Nc8+ 69. Kb8 Nd6 70. Qc5 Ke8 71. Qxd6 1-0


[Site "https://www.chess.com"]

[Event "Titled Tuesday Blitz February 22 Late 2022"]
[White "Mogranzini, Roberto"]
[Black "Jones, Gawain C B"]
[WhiteFideId "810894"]
[BlackFideId "409561"]
[WhiteElo "2469"]
[BlackElo "2657"]
[Result "0-1"]
[Round "01"]
[TimeControl "180+1"]
[Date "2022.02.23"]
[WhiteClock "0:00:10"]
[BlackClock "0:00:16"]

1. c4 g6 2. g3 Bg7 3. Bg2 c5 4. Nc3 Nc6 5. d3 Nf6 6. Bd2 Rb8 7. Qc1 O-O 8. Bh6 Nd4 9. Bxg7 Kxg7 10. h4 h5 11. Nf3 a6 12. b3 Qa5 13. Nd2 b5 14. e3 Nf5 15. O-O Bb7 16. Nce4 Qb6 17. Nxf6 Qxf6 18. Ne4 Bxe4 19. dxe4 Nh6 20. cxb5 Rxb5 21. Qa3 Ng4 22. Rad1 Rd8 23. Rd5 Qb6 24. Rc1 d6 25. Qb2+ Kg8 26. Qc3 Rb4 27. Rcd1 Nf6 28. Rg5 Nxe4 29. Bxe4 Rxe4 30. Qd3 Qc6 31. Rd5 Re6 32. Rc1 Rb8 33. Rc4 a5 34. g4 hxg4 35. Rxg4 Rb4 36. Rdg5 Qf3 37. Rg3 Qe4 38. Qxe4 Rbxe4 39. h5 Kg7 40. hxg6 Rxg6 41. Kf1 a4 42. Ke2 axb3 43. axb3 Rb4 44. Rxg6+ fxg6 45. f4 Kf6 46. Kf3 Rxb3 47. Rg1 d5 48. Rd1 d4 49. Ke4 Rxe3+ 50. Kd5 Rc3 51. Re1 d3 52. Re6+ Kf5 53. Re1 d2 54. Rd1 Rc2 55. Rxd2 Rxd2+ 0-1


[Site "https://www.chess.com"]

[Event "Titled Tuesday Blitz February 22 Late 2022"]
[White "Moroni, Luca Jr"]
[Black "Djokic, Mihailo"]
[WhiteFideId "865834"]
[BlackFideId "976440"]
[WhiteElo "2573"]
[BlackElo "2008"]
[Result "1-0"]
[Round "01"]
[TimeControl "180+1"]
[Date "2022.02.22"]
[WhiteClock "0:00:32"]
[BlackClock "0:00:18"]

1. d4 Nf6 2. c4 g6 3. Nc3 d6 4. e4 Bg7 5. Bd3 O-O 6. Nge2 e5 7. d5 Nh5 8. O-O f5 9. exf5 gxf5 10. Ng3 Nxg3 11. fxg3 e4 12. Bc2 Nd7 13. g4 Ne5 14. gxf5 Bxf5 15. Nxe4 Nxc4 16. Bg5 Qd7 17. Ng3 Nxb2 18. Qb1 Bxc2 19. Qxc2 Na4 20. Rae1 Rxf1+ 21. Rxf1 Nc5 22. Nf5 Rf8 23. Rf3 Be5 24. Ne7+ Kg7 25. Rxf8 Kxf8 26. Qxh7 Bd4+ 27. Kh1 Bg7 28. Qg8# 1-0


[Site "https://www.chess.com"]

[Event "Titled Tuesday Blitz February 22 Late 2022"]
[White "Munoz, Francisco Javier"]
[Black "Papasimakopoulos, Alexandros"]
[WhiteFideId "128368"]
[BlackFideId "4244125"]
[WhiteElo "2383"]
[BlackElo "2340"]
[Result "1-0"]
[Round "01"]
[TimeControl "180+1"]
[Date "2022.02.23"]
[WhiteClock "0:00:17"]
[BlackClock "0:00:46"]

1. e4 e6 2. d4 d5 3. Nd2 Be7 4. Ngf3 Nf6 5. e5 Nfd7 6. Bd3 c5 7. c3 Nc6 8. O-O a5 9. Re1 cxd4 10. cxd4 g5 11. Nb1 g4 12. Nfd2 h5 13. Nc3 Nxd4 14. Nf1 Nc6 15. Bf4 Bg5 16. Bxg5 Qxg5 17. Nb5 Ke7 18. Rc1 Ndxe5 19. Bb1 Bd7 20. Qc2 b6 21. Qc3 Rac8 22. Ne3 Rhd8 23. Nd4 Nb4 24. Qd2 Kf8 25. a3 Nbc6 26. Nxc6 Bxc6 27. Qd4 b5 28. Nf5 exf5 29. Qxe5 Kg8 30. Bxf5 Re8 31. Bh7+ Kxh7 32. Qxg5 Bd7 33. Qxh5+ Kg7 34. Qg5+ Kh7 35. Qf6 Be6 36. Rxc8 Rxc8 37. h3 gxh3 38. gxh3 Rg8+ 39. Kh2 Rg6 40. Qf4 Rh6 41. h4 Rh5 42. Re5 Rh6 43. Rg5 f6 44. Rg1 Bf7 45. Qg3 Rg6 46. Qd3 f5 47. Qxf5 Kg7 48. Rg2 Rxg2+ 49. Kxg2 Kf8 50. Qe5 Bg8 51. Kg3 Bf7 52. Kf4 d4 53. Kg5 d3 54. Qd4 Bc4 55. Kf6 Ke8 56. h5 d2 57. Qxd2 Bb3 58. Qd4 Bc2 59. h6 Bb1 60. Qd6 Bh7 61. Qe7# 1-0


[Site "https://www.chess.com"]

[Event "Titled Tuesday Blitz February 22 Late 2022"]
[White "Muradli, Mahammad"]
[Black "Aldokhin, Ivan"]
[WhiteFideId "13409301"]
[BlackFideId "24115720"]
[WhiteElo "2645"]
[BlackElo "2231"]
[Result "0-1"]
[Round "01"]
[TimeControl "180+1"]
[Date "2022.02.22"]
[WhiteClock "0:00:02"]
[BlackClock "0:00:03"]

1. Nf3 Nf6 2. d4 g6 3. c4 Bg7 4. Nc3 d6 5. Bg5 O-O 6. e3 h6 7. Bh4 Nc6 8. Bd3 Bg4 9. h3 Bd7 10. a3 Qc8 11. Qc2 e5 12. O-O-O exd4 13. exd4 g5 14. Bg3 Nh5 15. Nd5 Nxg3 16. fxg3 Be6 17. Rhf1 Bxd5 18. cxd5 Ne7 19. h4 Nxd5 20. Bh7+ Kh8 21. Bf5 Ne3 22. Bxc8 Nxc2 23. Bxb7 Ne3 24. Bxa8 Rxa8 25. hxg5 Nxf1 26. Rxf1 hxg5 27. Nxg5 Bh6 28. Rxf7 Bxg5+ 29. Kc2 Rc8 30. Kd3 Kg8 31. Rd7 Kf8 32. Rh7 Bf6 33. Kc4 c5 34. d5 Bxb2 35. Rxa7 Rb8 36. Ra6 Be5 37. g4 Rb1 38. Ra7 Rc1+ 39. Kb5 Rb1+ 40. Kc4 Rg1 41. a4 Rxg2 42. a5 Rxg4+ 43. Kb5 Rb4+ 44. Kc6 c4 45. a6 c3 46. Rb7 Ra4 47. Kb5 Ra2 48. Rc7 c2 49. a7 Bd4 50. Rxc2 Rxa7 51. Kc6 Bc5 52. Re2 Rf7 53. Re6 Re7 54. Rf6+ Ke8 55. Rh6 Rf7 56. Rh8+ Ke7 57. Rh6 Rf6 58. Rh7+ Rf7 59. Rh6 Rg7 60. Re6+ Kd8 61. Rh6 Rc7+ 62. Kb5 Rb7+ 63. Kc4 Rb4+ 64. Kc3 Kc7 65. Rh8 Rd4 66. Rh5 Kb6 67. Rg5 Kb5 68. Rh5 Rc4+ 69. Kb3 Rg4 70. Kc3 Rg3+ 71. Kd2 Kc4 72. Ke2 Rd3 73. Rh4+ Rd4 74. Rh1 Kxd5 75. Rh5+ Kc4 76. Rh3 Re4+ 77. Kd2 d5 78. Kc2 d4 79. Rg3 Re2+ 80. Kd1 Rh2 81. Rg4 Bb4 82. Rg8 Kd3 83. Rg3+ Ke4 84. Rg8 Rh1+ 85. Ke2 Rh2+ 86. Kd1 Bd6 87. Rg6 Be5 88. Rg8 d3 89. Rg1 Bf4 90. Re1+ Kd4 91. Rf1 Be3 0-1


[Site "https://www.chess.com"]